 Dungeon Crawl Stone Soup version 0.28-b1-1-g3c77fb2ed1 (webtiles) character file.

Game seed: 5313706878463606825

76 pkoi the Chopper (level 4, -6/37 HPs)
             Began as a Minotaur Gladiator on Jan 30, 2022.
             Mangled by Pargi (7 damage)
             ... in a sewer.
             The game lasted 00:01:37 (2431 turns).

pkoi the Chopper (Minotaur Gladiator)               Turns: 2431, Time: 00:01:37

Health: -6/37      AC:  3    Str: 21    XL:     4   Next: 12%
Magic:  3/3        EV: 12    Int:  5    God:
Gold:   122        SH:  0    Dex: 11    Spells: 3/3 levels left

rFire   . . .      SeeInvis .   a - +1 war axe (venom)
rCold   . . .      Faith    .   (no shield)
rNeg    . . .      Spirit   .   b - +0 leather armour
rPois   .          Reflect  .   c - +0 hat
rElec   .          Harm     .   (no cloak)
rCorr   .          Rampage  .   (no gloves)
Will    .....                   (no boots)
Stlth   +.........              (no amulet)
HPRegen 0.12/turn               (no ring)
MPRegen 0.08/turn               (no ring)

@: no status effects
A: horns 2, retaliatory headbutt
a: no special abilities


You were in a sewer.
You visited 1 branch of the dungeon, and saw 3 of its levels.
You also visited: Sewer.

You collected 122 gold pieces.

Inventory:

Hand Weapons
 a - a +1 war axe of venom (weapon)
Missiles
 d - 3 throwing nets (quivered)
 o - 5 boomerangs
Armour
 b - a +0 leather armour (worn)
 c - a +0 hat (worn)
Jewellery
 e - a +6 ring of intelligence
 l - an amulet of regeneration
 n - a ring of wizardry
 p - an amulet of magic regeneration
Scrolls
 r - a scroll of identify
 s - 2 scrolls of enchant weapon
Potions
 h - a potion of lignification
 i - a potion of magic {unknown}
 j - a potion of curing {unknown}
 k - a potion of berserk rage {unknown}
 m - 2 potions of cancellation {unknown}


   Skills:
 - Level 2.4 Fighting
 + Level 6.1 Axes
 - Level 2.0 Throwing
 - Level 3.2 Dodging


You had 3 spell levels left.
You didn't know any spells.
Your spell library was empty.

Dungeon Overview and Level Annotations

Branches:
Dungeon (3/15)              Sewer (1/1)

Altars:

Shops:
D:2 =

Annotations:
Sewer Pargi


Innate Abilities, Weirdness & Mutations

You have a pair of horns on your head.
You reflexively headbutt those who attack you in melee.


Message History

Unknown command.
You slash Pargi!
Pargi is poisoned.
You headbutt Pargi, but do no damage.
Pargi is severely wounded.
Pargi bites you. Pargi claws you but does no damage. Pargi claws you.
Unknown command.
Your unstable footing causes you to fumble your attack.
Pargi bites you! Pargi claws you. Pargi barely misses you.
Unknown command.
Your unstable footing causes you to fumble your attack.
Pargi closely misses you. Pargi claws you but does no damage.
Pargi closely misses you.
Unknown command.
You barely miss Pargi. Your headbutt misses Pargi.
Pargi is almost dead.
Pargi snarls, "My home!
Leave!"
Pargi bites you.
* * * LOW HITPOINT WARNING * * *
Pargi claws you.
* * * LOW HITPOINT WARNING * * *
Pargi claws you but does no damage.
You closely miss Pargi. Your punch misses Pargi.
Pargi is almost dead.
Pargi bites you but does no damage. Pargi claws you.
* * * LOW HITPOINT WARNING * * *
Pargi barely misses you. Pargi bites you.
* * * LOW HITPOINT WARNING * * *
Pargi closely misses you. Pargi claws you but does no damage.
Unknown command.
You closely miss Pargi.
Pargi is almost dead.
Pargi bites you.
* * * LOW HITPOINT WARNING * * *
Pargi barely misses you. Pargi claws you.
* * * LOW HITPOINT WARNING * * *
Unknown command.
You hit Pargi but do no damage.
Pargi looks as sick as possible!
You headbutt Pargi.
Pargi is almost dead.
Pargi bites you!
You die...

#≈≈≈≈≈≈≈≈≈≈≈≈≈≈≈≈≈≈≈≈≈
#≈≈≈≈..≈≈≈≈≈≈≈≈≈≈≈≈≈#
##∩∩###≈≈≈≈≈≈≈≈≈≈≈≈≈#
##.# #≈≈≈≈≈≈≈≈≈≈≈≈≈#
### ##..≈≈≈≈≈≈≈≈≈≈#
##≈≈≈≈≈≈≈≈≈≈≈#
##≈†≈≈≈≈≈≈≈≈#
###≈≈≈≈≈≈≈# ##@≈≈≈≈≈##
#T≈≈≈≈≈≈# #.≈≈≈≈≈≈≈
.≈≈≈≈≈≈≈# .≈≈≈≈≈≈≈≈#
#.≈≈≈≈≈≈≈≈≈
#≈≈≈≈≈≈≈≈≈#
≈≈≈≈≈≈≈≈≈≈≈
.≈≈≈≈≈≈≈≈≈##


You could see Pargi (extremely poisoned).

Vanquished Creatures
  5 adders
  A worm (D:2)
  5 bats
  An endoplasm (D:1)
  2 giant cockroaches
  2 hobgoblins (D:2)
  2 jackals (D:2)
  2 quokkas
  3 ball pythons
  A frilled lizard (D:1)
  A goblin (D:1)
  2 kobolds
  4 rats
31 creatures vanquished.

Vanquished Creatures (others)
  5 plants (D:3)
5 creatures vanquished.

Grand Total: 36 creatures vanquished

Notes
Turn   | Place    | Note
-------+----------+-------------------------------------------
     0 | D:1      | pkoi the Minotaur Gladiator began the quest for the Orb.
     0 | D:1      | Reached XP level 1. HP: 18/18 MP: 0/0
   261 | D:1      | Reached skill level 4 in Axes
   319 | D:1      | Reached XP level 2. HP: 25/25 MP: 1/1
  1234 | D:2      | Found a faded altar of an unknown god.
  1428 | D:2      | Reached skill level 5 in Axes
  1437 | D:2      | Reached XP level 3. HP: 26/30 MP: 2/2
  1581 | D:2      | Found Umoseut's One-of-a-Kind Rings.
  2110 | D:3      | Found a glowing drain.
  2141 | Sewer    | Entered a sewer
  2417 | Sewer    | Noticed Pargi
  2421 | Sewer    | Reached skill level 6 in Axes
  2421 | Sewer    | Reached XP level 4. HP: 34/37 MP: 3/3
  2430 | Sewer    | HP: 1/37 [Pargi (3)]
  2431 | Sewer    | Mangled by Pargi

Illustrated notes

Levels and vault maps discovered:
D:1:      eino_arrival_cavern_d, layout_basic, hex_intersection
D:2:      layout_loops_ring, hellmonk_ecumenical_altar_leap_of_faith,
          nicolae_shop_unique_rings
D:3:      layout_basic, bloody_makhleb, gup_sewer_entry_glass, serial_forest,
          infiniplex_forest_straight_3, infiniplex_forest_clump_medium,
          infiniplex_forest_straight_3, infiniplex_forest_straight_2,
          infiniplex_forest_clump_curved, infiniplex_forest_straight_2,
          infiniplex_forest_diagonal, infiniplex_forest_lined_4_way,
          roderic_malta_cross, kennysheep_generic_room_5
Sewer:    sewer_co_pargi_island

Skill      XL: |  1  2  3 |
---------------+----------+-----
Axes           | 4 5 6 |  6.1
Fighting       | |  2.4
Throwing       | |  2.0
Dodging        | |  3.2

Action                   |  1- 3 |  4- 6 || total
-------------------------+-------+-------++-------
Melee: War axe           |    53 |    10 ||    63
       Headbutt          |     8 |     2 ||    10
       Punch             |     1 |       ||     1
  Use: Scroll            |     7 |       ||     7
       Potion            |     2 |       ||     2
Armor: Leather armour    |    22 |     6 ||    28
Dodge: Dodged            |    42 |    14 ||    56
